 Dungeon Crawl Stone Soup version 0.29-a0-322-g68df515428 (webtiles) character file.

Game seed: 5231081463418126861

69 Essalna the Skirmisher (level 4, -7/41 HPs)
             Began as a Hill Orc Fighter on Apr 8, 2022.
             Killed by divine providence
             ... invoked by an orc priest
              (12 damage)
             ... on level 2 of the Dungeon.
             The game lasted 00:02:03 (1373 turns).

Essalna the Skirmisher (Hill Orc Fighter)           Turns: 1373, Time: 00:02:04

Health: -7/41      AC:  8    Str: 20    XL:     4   Next: 20%
Magic:  4/4        EV:  9    Int:  8    God:
Gold:   184        SH:  4    Dex: 10    Spells: 3/3 levels left

rFire   . . .      SeeInvis .   a - +0 war axe
rCold   . . .      Faith    .   c - +0 buckler
rNeg    . . .      Spirit   .   b - +0 scale mail
rPois   .          Reflect  .   (no helmet)
rElec   .          Harm     .   (no cloak)
rCorr   .          Rampage  .   f - +0 pair of gloves
Will    .....                   (no boots)
Stlth   ..........              (no amulet)
HPRegen 0.13/turn               (no ring)
MPRegen 0.09/turn               (no ring)

@: no status effects
A: no striking features
a: Convert to Beogh


You were on level 2 of the Dungeon.
You visited 1 branch of the dungeon, and saw 2 of its levels.

You collected 184 gold pieces.

Inventory:

Hand Weapons
 a - a +0 war axe (weapon)
Armour
 b - a +0 scale mail (worn)
 c - a +0 buckler (worn)
 f - a +0 pair of gloves (worn)
Jewellery
 l - a ring of fire
Scrolls
 e - a scroll of summoning {unknown}
 g - a scroll of acquirement {unknown}
 h - a scroll of magic mapping {unknown}
 i - a scroll of fear {unknown}
 j - a scroll of teleportation {unknown}
Potions
 d - 2 potions of might
 k - 2 potions of attraction {unknown}
 m - a potion of flight {unknown}


   Skills:
 + Level 4.3 Fighting
 + Level 3.7 Axes
 + Level 3.9 Armour
 + Level 3.9 Shields


You had 3 spell levels left.
You didn't know any spells.
Your spell library contained the following spells:

 Spells                   Type           Power      Damage    Failure   Level
 Ensorcelled Hibernation  Hex/Ice        0%         N/A       94%         2
 Passwall                 Tmut/Erth      0%         N/A       94%         2
 Swiftness                Air            0%         N/A       99%         3


Dungeon Overview and Level Annotations

Branches:
Dungeon (2/15)

Altars:
Cheibriados


Message History

There is a stone staircase leading down here.
You start resting.
HP restored.
You climb downwards.
The gnoll hits you but does no damage.
There is a stone staircase leading up here.
The gnoll hits you but does no damage. The orc priest closely misses you.
The orc priest threatens, "By the altar or by the axe, you will meet Beogh!"
Items here: )))) [[ ††.
You barely miss the orc priest. You hit the gnoll.
The orc priest shouts, "Surrender to Beogh and we'll let you live!"
The gnoll hits you with a +0 spear. The orc priest closely misses you.
You barely miss the gnoll.
The gnoll is lightly wounded.
You hit the orc priest. The gnoll hits you with a +0 spear!
The orc priest shouts, "Surrender to Beogh and we'll let you live!"
The orc priest hits you but does no damage.
The gnoll hits you with a +0 spear.
The orc priest invokes the aid of Beogh against you.
You barely resist.
You are too injured to fight recklessly!
You are too injured to fight recklessly!
You hit the gnoll but do no damage.
The gnoll is lightly wounded.
You hit the orc priest but do no damage.
The orc priest looks braver for a moment.
The gnoll hits you with a +0 spear.
You hit the gnoll but do no damage.
The gnoll is lightly wounded.
You hit the orc priest but do no damage.
The gnoll closely misses you.
The orc priest calls down the wrath of Beogh upon you.
Pain shoots through your body!
* * * LOW HITPOINT WARNING * * *
You closely miss the gnoll.
The gnoll is lightly wounded.
You hit the orc priest. The gnoll hits you with a +0 spear.
* * * LOW HITPOINT WARNING * * *
The orc priest invokes the aid of Beogh against you.
Beogh smites you!
You die...

## #. #8##.# ....#
...# ..# #.#
########.#####
#.g@<........#
#.o##..#.###.#
#..#.....# #.# . #.
#..#.....# #.# .. 8$
#.....#..# #.#####..
##o ##.####..#
#....[... ##.o
#...[....# #........
#... #..####.##
#........ #...
#.......####.#<.....


You could see an orc priest and a gnoll.

Vanquished Creatures
  3 gnolls (D:2)
  2 orcs (D:2)
  2 endoplasms
  3 giant cockroaches
  4 goblins (D:1)
  A hobgoblin (D:1)
  2 quokkas
  7 ball pythons (D:1)
  5 bats (D:1)
  4 frilled lizards (D:1)
  4 rats
37 creatures vanquished.

Vanquished Creatures (others)
  4 fungi (D:2)
  3 toadstools (D:2)
7 creatures vanquished.

Grand Total: 44 creatures vanquished

Notes
Turn   | Place    | Note
-------+----------+-------------------------------------------
     0 | D:1      | Essalna the Hill Orc Fighter began the quest for the Orb.
     0 | D:1      | Reached XP level 1. HP: 19/19 MP: 1/1
   210 | D:1      | Reached XP level 2. HP: 27/27 MP: 2/2
   558 | D:1      | Found a faded altar of an unknown god.
   558 | D:1      | Noticed a hellion
   627 | D:1      | Reached skill level 4 in Fighting
   809 | D:1      | Reached XP level 3. HP: 26/33 MP: 3/3
  1238 | D:2      | Found a snail-covered altar of Cheibriados.
  1294 | D:2      | Reached XP level 4. HP: 36/40 MP: 4/4
  1373 | D:2      | Killed from afar by an orc priest

Illustrated notes

Levels and vault maps discovered:
D:1:      scummos_arrival_simple_fountains, layout_basic,
          dreamdust_ecumenical_altar_sealed_demon
D:2:      layout_basic, serial_corexii_hall, corexii_hall_statues_t,
          corexii_hall_statues_x, basic_altar, minmay_gold_behind_fungi,
          minmay_tromino_v7

Skill      XL: |  1  2 |
---------------+-------+-----
Axes           | 3 |  3.7
Fighting       | 4 |  4.3
Armour         | |  3.9
Shields        | |  3.9

Action                   |  1- 3 |  4- 6 || total
-------------------------+-------+-------++-------
Melee: War axe           |    98 |    10 ||   108
Armor: Scale mail        |    57 |     6 ||    63
Dodge: Dodged            |    57 |     6 ||    63
Block: Buckler           |    34 |     4 ||    38

Table legend: (Time is in decaauts)
 A = Elapsed time spent in this place.
 B = Non-inter-level travel time spent in this place.
 C = Inter-level travel time spent in this place.
 D = Time resting spent in this place.
 E = Time spent auto-exploring this place.
 F = Levels seen in this place.
 G = Mean time per level.
                   A        B        C        D        E       F      G
               +--------+--------+--------+--------+--------+-----+--------+
         Total |   1415 |   1392 |     23 |     63 |   1022 |   2 |  707.5 |
       Dungeon |   1415 |   1392 |     23 |     63 |   1022 |   2 |  707.5 |
               +--------+--------+--------+--------+--------+-----+--------+

Top non-repeatable levels by time:
     D:1: 1240 daAuts
     D:2: 174 daAuts
